 Dungeon Crawl Stone Soup version 0.28-a0-317-g21599a725c (webtiles) character file.

Game seed: 18179325713613344212

249 Colgate the Conjurer (level 5, 0/38 HPs)
             Began as a Draconian Conjurer on Sept 1, 2021.
             Was a Believer of Zin.
             Slain by blacksnow's ghost (12 damage)
             ... on level 3 of the Dungeon.
             The game lasted 00:25:09 (5281 turns).

Colgate the Conjurer (Draconian Conjurer)           Turns: 5281, Time: 00:25:11

Health: 0/38       AC:  6    Str: 10    XL:     5   Next: 86%
Magic:  2/8        EV: 12    Int: 21    God:    Zin [**....]
Gold:   77         SH:  0    Dex: 10    Spells: 2/8 levels left

rFire   . . .      SeeInvis .   d - +0 lajatang
rCold   . . .      Faith    .   (shield currently unavailable)
rNeg    . . .      Spirit   .   (armour unavailable)
rPois   ∞          Reflect  .   (helmet restricted)
rElec   .          Harm     .   o - +0 cloak
rCorr   .          Rampage  .   (no gloves)
Will    .....                   (no boots)
Stlth   ++........              (no amulet)
HPRegen 0.12/turn               (no ring)
MPRegen 0.11/turn               (no ring)

@: vitalised
A: AC +5, unfitting armour, cold-blooded
a: Renounce Religion, Recite, Vitalisation, Donate Gold


You were on level 3 of the Dungeon.
You worshipped Zin.
Zin was pleased with you.
You visited 1 branch of the dungeon, and saw 3 of its levels.

You collected 113 gold pieces.
You donated 36 gold pieces to Zin.

Inventory:

Hand Weapons
 d - a +0 lajatang (weapon)
Missiles
 a - 99 stones
 b - 6 atropa-tipped darts
 f - 7 javelins
Armour
 o - a +0 cloak (worn)
Magical Staves
 i - a staff of fire
Wands
 h - a wand of mindburst (13)
Scrolls
 c - a scroll of teleportation {unknown}
 g - 5 scrolls of identify {unknown}
 k - 2 scrolls of noise {unknown}
 m - 3 scrolls of enchant weapon {unknown}
 n - a scroll of magic mapping {unknown}
 p - a scroll of fear {unknown}
Potions
 e - a potion of attraction {unknown}
 j - a potion of curing
 l - a potion of magic {unknown}


   Skills:
 - Level 2.5 Staves
 - Level 1.7 Dodging
 - Level 1.7 Stealth
 - Level 2.0 Spellcasting
 - Level 6.1 Conjurations
 + Level 2.4 Invocations


You had 2 spell levels left.
You knew the following spells:

 Your Spells              Type           Power      Damage    Failure   Level
a - Magic Dart            Conj           100%       1d8       1%          1
b - Searing Ray           Conj           54%        3d5       1%          2
c - Stone Arrow           Conj/Erth      28%        3d8       13%         3

Your spell library contained the following spells:

 Spells                   Type           Power      Damage    Failure   Level
 Dazzling Flash           Conj/Hex       28%        N/A       13%         3
 Fulminant Prism          Conj/Hex       7%         3d7       38%         4
 Iskenderun's Mystic Bla  Conj/Tloc      14%        2d5       38%         4
 Gell's Gravitas          Tloc           1%         N/A       41%         3
 Teleport Other           Tloc           2%         N/A       41%         3
 Bolt of Magma            Conj/Fire/Erth 5%         4d5       87%         5
 Dispersal                Tloc           1%         N/A       100%        6
 Shatter                  Erth           1%         3d5*      100%        9


Dungeon Overview and Level Annotations

Branches:
Dungeon (3/15)

Altars:
Dithmenos
Zin

Annotations:
D:3 blacksnow's ghost, amateur HOFi


Innate Abilities, Weirdness & Mutations

Your plain brown scales are hard. (AC +5)
You cannot fit into any form of body armour.
You are cold-blooded and may be slowed by cold attacks.


Message History

Press: ? - help, Shift-Dir - straight line, f/p - blacksnow's ghost
Aim: blacksnow's ghost (100% to hit)
The magic dart hits blacksnow's ghost but does no damage.
The rat bites you but does no damage. The rat bites you but does no damage.
Blacksnow's ghost hits you.
Okay, then.
You closely miss the rat. The rat bites you but does no damage.
Your magical contamination has completely faded away.
You barely miss the rat. You tail-slap the rat.
You kill the rat!
You hit blacksnow's ghost.
Blacksnow's ghost is lightly damaged.
Blacksnow's ghost barely misses you. Blacksnow's ghost hits you.
You hit blacksnow's ghost.
Blacksnow's ghost is lightly damaged.
Blacksnow's ghost hits you but does no damage.
You hit blacksnow's ghost but do no damage.
Blacksnow's ghost is lightly damaged.
Blacksnow's ghost hits you!
You slash blacksnow's ghost!
Blacksnow's ghost is moderately damaged.
Blacksnow's ghost closely misses you.
You hit blacksnow's ghost but do no damage.
Blacksnow's ghost is moderately damaged.
Blacksnow's ghost completely misses you.
Blacksnow's ghost hits you.
You barely miss blacksnow's ghost.
Blacksnow's ghost is moderately damaged.
Blacksnow's ghost hits you but does no damage.
You hit blacksnow's ghost.
Your tail-slap misses blacksnow's ghost.
Blacksnow's ghost is moderately damaged.
Blacksnow's ghost misses you.
You hit blacksnow's ghost but do no damage.
Blacksnow's ghost is moderately damaged.
Blacksnow's ghost misses you.
You barely miss blacksnow's ghost.
Blacksnow's ghost is moderately damaged.
Blacksnow's ghost hits you. Blacksnow's ghost hits you!
You die...

.###########.........##.........#
.............................)...
#..#########.......#...##....)##.
#..#.......#..........###..#..###
..)#..#.#..#.#...#.##.##..###..##
...#.).#...'.#.....##.....###....
...#.=.....'.....####.#.#..#...##
...#...#...'...#W# ##..........#
...#..#.#..#...#@###....#..#.#.#
...#.......#...#..†..#.....#...#
...#########..###.##.....#...###
#.......................##...###
#....##........#...#.#.........#
##.#.#.....##..#...............#
#.#.............#.#..#####....#
#...#...............##...##...#
#.##..#.###.##..#...#.)...#...#


You could see blacksnow's ghost.

Vanquished Creatures
  2 orc priests (D:3)
  Jessica (D:3)
  A killer bee zombie (D:3)
  7 adders
  A worm (D:2)
  14 orcs
  2 endoplasms
  4 giant cockroaches
  5 goblins
  5 hobgoblins
  2 jackals (D:2)
  3 quokkas
  4 ball pythons
  6 bats
  2 frilled lizards (D:3)
  4 kobolds
  5 rats
68 creatures vanquished.

Notes
Turn   | Place    | Note
-------+----------+-------------------------------------------
     0 | D:1      | Colgate the Draconian Conjurer began the quest for the Orb.
     0 | D:1      | Reached XP level 1. HP: 14/14 MP: 3/3
   709 | D:1      | Found a faded altar of an unknown god.
   713 | D:1      | Became a worshipper of Zin the Law-Giver
   713 | D:1      | Reached * piety under Zin
   718 | D:1      | Reached XP level 2. HP: 20/20 MP: 1/5
   956 | D:1      | Learned a level 2 spell: Searing Ray
  1494 | D:2      | Donated 17 gold pieces to Zin
  1531 | D:2      | Reached skill level 5 in Conjurations
  1531 | D:2      | Reached XP level 3. HP: 20/26 MP: 0/6
  1679 | D:1      | Found a glowing silver altar of Zin.
  2588 | D:1      | Donated 8 gold pieces to Zin
  2814 | D:2      | Reached skill level 1 in Invocations
  3049 | D:2      | Reached skill level 1 in Staves
  3459 | D:3      | Noticed blacksnow's ghost (amateur HOFi)
  3473 | D:3      | Learned a level 3 spell: Stone Arrow
  3566 | D:3      | Reached XP level 4. HP: 33/33 MP: 2/7
  3974 | D:3      | Reached XP level 5. HP: 38/38 MP: 2/8
  4209 | D:3      | Found a runed translucent gate.
  4209 | D:3      | Found a runed translucent gate.
  4211 | D:3      | Found a runed translucent gate.
  4716 | D:3      | Found a shadowy altar of Dithmenos.
  5071 | D:3      | Noticed Jessica
  5074 | D:3      | Killed Jessica
  5075 | D:3      | Reached skill level 6 in Conjurations
  5103 | D:3      | Reached ** piety under Zin
  5281 | D:3      | Slain by blacksnow's ghost

Illustrated notes

Levels and vault maps discovered:
D:1:      dpeg_arrival_circle_labyrinth_b, layout_loops_corners,
          basic_ecumenical_altar, minmay_box_of_dots
D:2:      layout_rooms
D:3:      layout_rooms, nicolae_dithmenos_shadow_blocks, gammafunk_ghost_split,
          kennysheep_jessica_study

Skill      XL: |  1  2  3  4  5 |
---------------+----------------+-----
Conjurations   | 5 6 |  6.1
Invocations    | 1 2 |  2.4
Staves         | 2 |  2.5
Dodging        | |  1.7
Stealth        | |  1.7
Spellcasting   | |  2.0

Action                   |  1- 3 |  4- 6 || total
-------------------------+-------+-------++-------
Melee: Lajatang          |    32 |    73 ||   105
       Hand axe          |     1 |       ||     1
       Tailslap          |     3 |     1 ||     4
 Cast: Magic Dart        |    38 |    15 ||    53
       Searing Ray       |    16 |     7 ||    23
       Stone Arrow       |       |     4 ||     4
Invok: Recite            |     9 |    11 ||    20
       Donate Gold       |     3 |       ||     3
       Vitalisation      |       |     1 ||     1
  Use: Potion            |     2 |       ||     2
 Stab: Sleeping          |     1 |       ||     1
       Confused          |       |     2 ||     2
Armor: Skin              |     8 |    30 ||    38
Dodge: Dodged            |    24 |    65 ||    89

Table legend: (Time is in decaauts)
 A = Elapsed time spent in this place.
 B = Non-inter-level travel time spent in this place.
 C = Inter-level travel time spent in this place.
 D = Time resting spent in this place.
 E = Time spent auto-exploring this place.
 F = Levels seen in this place.
 G = Mean time per level.
                   A        B        C        D        E       F      G
               +--------+--------+--------+--------+--------+-----+--------+
         Total |   5318 |   5078 |    240 |    302 |   4128 |   3 | 1772.7 |
       Dungeon |   5318 |   5078 |    240 |    302 |   4128 |   3 | 1772.7 |
               +--------+--------+--------+--------+--------+-----+--------+

Top non-repeatable levels by time:
     D:1: 2537 daAuts
     D:3: 1463 daAuts
     D:2: 1318 daAuts
